[Event "*** SCC Grand Prix: Titled Tuesday Blitz"]
[Site "Chess.com"]
[Date "2020.10.13"]
[Round "4"]
[White "keepitcool9499"]
[Black "Grieve72"]
[Result "1-0"]
[WhiteElo "2631"]
[BlackElo "2471"]
[TimeControl "180+1"]
[EndTime "10:39:59 PDT"]
[Termination "keepitcool9499 won by resignation"]

1. d4 d5 2. c4 e6 3. Nc3 c6 4.
Nf3 dxc4 5. a4 Bb4 6. e3 b5 7. Bd2 a5 8. axb5 Bxc3 9. bxc3 cxb5 10. Ne5 Nf6 11. Qb1 Ba6 12. Be2 O-O 13. Bf3 Ra7 14. O-O Nfd7 15. Nxd7 Nxd7 16. e4 e5 17. d5 Qc7 18. Qa2 Nc5 19. Qxa5 Qxa5 20. Rxa5 Nb3 21.
Be3 Raa8 22. Ra2 Bb7 23. Rb2 Rfd8 24. Bd1 Ra3 25. Bxb3 Rxb3 26. Rxb3 cxb3 27. Rb1 Ra8 28. h3 Ra4 29. Rxb3 Ba6 30. f3 Kf8 31. Bc5+ Ke8 32. Rb2 Kd7 33. Kf2 g6 34. Kg3 f5 35. Bb4 fxe4 36. fxe4 Ra1 37. Rf2 Ke8 38. Rf8+ Kd7 39. Rf7+ Kc8 40. Rxh7 Re1 41. d6 Rd1 42. Re7 Bb7 43.
Rxe5 Rd3+ 44. Kh2 Kd7 45. Re7+ Kc6 46. Rc7+ Kb6 47. e5 Rd2 48. Rxb7+ Kxb7 49. e6 Kc6 50. d7 Rd3 51. Ba5 b4 52. cxb4 Rxd7 53. exd7 Kxd7 54.
b5 1-0

[Event "*** SCC Grand Prix: Titled Tuesday Blitz"]
[Site "Chess.com"]
[Date "2020.10.13"]
[Round "4"]
[White "annazero"]
[Black "Tayson_7"]
[Result "0-1"]
[WhiteElo "2351"]
[BlackElo "2607"]
[TimeControl "180+1"]
[EndTime "10:40:00 PDT"]
[Termination "Tayson_7 won by checkmate"]

1. d4 Nf6 2. Nf3 g6 3. c4 Bg7 4. g3 c5 5. d5 O-O 6. Bg2 d6 7. O-O e6 8. Nc3 exd5 9. cxd5 Re8 10. Bf4 Ne4 11. Rc1 a6 12. a4 Bg4 13. h3 Bxf3 14. Bxf3 Nxc3 15. bxc3 Qc7 16. c4 Nd7 17. e4 Rab8 18. Qd2 b5 19. axb5 axb5 20. cxb5 Rxb5 21. Rb1 Reb8 22. Qc2 Bd4 23. Rxb5 Rxb5 24. Rb1 Ra5 25. Qb3 Ne5 26. Be2 Kg7 27. Qb6 Qxb6 28. Rxb6 Ra2 29.
Kf1 c4 30. Bxe5+ dxe5 31. Rb1 c3 32. Rc1 Kf6 33. f4 Ke7 34. fxe5 Bxe5 35. g4 Kd6 36. Bd3 Bd4 37. Rc2 Ra1+ 38. Kg2 Ke5 39. Kh2 f6 40. h4 Kf4 41. h5 g5 42. h6 Ke3 43. Bb5 Kxe4 44.
d6 Kf3 45. d7 Be5+ 46. Kh3 Rh1+ 47. Rh2 Rxh2# 0-1

[Event "*** SCC Grand Prix: Titled Tuesday Blitz"]
[Site "Chess.com"]
[Date "2020.10.13"]
[Round "4"]
[White "chessplayer9919"]
[Black "VladimirBugayev"]
[Result "1-0"]
[WhiteElo "2602"]
[BlackElo "2342"]
[TimeControl "180+1"]
[EndTime "10:40:00 PDT"]
[Termination "chessplayer9919 won on time"]

1. d4 d5 2. c4 c6 3. Nf3 Nf6 4.
Nc3 a6 5. cxd5 cxd5 6. Bf4 Bf5 7.
e3 Nc6 8. Bd3 Bxd3 9. Qxd3 e6 10. O-O Bd6 11. Bg3 Bxg3 12. hxg3 O-O 13. Na4 Ne4 14.
Nd2 Nd6 15. Nc5 Qe7 16. a4 Nb4 17. Qb3 a5 18. Nd3 Nxd3 19. Qxd3 Rfc8 20. Rfc1 Qd7 21. b3 Rxc1+ 22. Rxc1 Rc8 23. Rc3 b6 24. f3 g6 25. Kf2 Kf8 26. Nb1 Rxc3 27. Nxc3 Qc6 28. g4 h6 29. Ne2 Kg7 30. Ke1 b5 31. axb5 Nxb5 32. Kd2 Na3 33. Nc3 Qb6 34. Na4 Qb4+ 35. Ke2 Nb5 36. Qc2 Nd6 37. Nc5 Qb5+ 38. Kf2 Qb4 39.
Nd7 a4 40. bxa4 Nc4 41. Nc5 Na3 42. Qd3 Nb1 43. f4 Nc3 44. f5 1-0

[Event "*** SCC Grand Prix: Titled Tuesday Blitz"]
[Site "Chess.com"]
[Date "2020.10.13"]
[Round "4"]
[White "mirceaparligras"]
[Black "BocharovD"]
[Result "0-1"]
[WhiteElo "2632"]
[BlackElo "2802"]
[TimeControl "180+1"]
[EndTime "10:40:03 PDT"]
[Termination "BocharovD won on time"]

1. d4 Nf6 2. c4 e6 3. Nf3 b6 4.
Bf4 Bb7 5. e3 Bb4+ 6. Nfd2 O-O 7. a3 Be7 8. Nc3 d5 9. cxd5 exd5 10.
Bd3 c5 11. O-O Nc6 12. Nf3 c4 13. Bc2 a6 14. Ne5 b5 15. Qf3 Na5 16. g4 Nb3 17.
Rad1 Rc8 18. g5 Ne8 19. Qh5 g6 20. Qh6 Ng7 21. Ng4 f5 22. gxf6 Bxf6 23. Nxf6+ Qxf6 24. Be5 Qf7 25. f4 Rce8 26. Rf3 Re7 27. Rh3 Nf5 28. Qg5 Bc8 29. Nxd5 Qxd5 30. Bxf5 Bxf5 31. Qxe7 Qf7 32. Qxf7+ Rxf7 33. Rg3 Be4 34. d5 Nc5 35. d6 Nd3 36. h4 Rd7 37. h5 Kf7 38. hxg6+ hxg6 39. Rh3 Ke6 40. Rh8 Kf5 41. Rf8+ Kg4 42. Re8 Kf3 43.
Re7 Rd8 44. d7 Bf5 45. Rh7 Bxd7 46. Bf6 Rf8 0-1

[Event "*** SCC Grand Prix: Titled Tuesday Blitz"]
[Site "Chess.com"]
[Date "2020.10.13"]
[Round "4"]
[White "picturesquecheck"]
[Black "JoliyRoger"]
[Result "1-0"]
[WhiteElo "2223"]
[BlackElo "2432"]
[TimeControl "180+1"]
[EndTime "10:40:03 PDT"]
[Termination "picturesquecheck won by resignation"]

1. e4 c6 2. d4 d5 3. Nd2 dxe4 4. Nxe4 Bf5 5. Ng3 Bg6 6. h4 h6 7.
Nf3 Nd7 8. h5 Bh7 9. Bd3 Bxd3 10.
Qxd3 Qc7 11. Bd2 e6 12. O-O-O Ngf6 13. Ne4 O-O-O 14. Kb1 c5 15. c4 cxd4 16. Nxd4 a6 17. Bc3 Ne5 18. Qc2 Nxc4 19. Nxf6 gxf6 20. Nb3 Be7 21. Rc1 Kb8 22. Ba5 b6 23. Qxc4 Qxc4 24. Rxc4 bxa5 25. Nxa5 Rd7 26. Rhc1 Bd6 27. Rc6 Ka7 28.
Rd1 Rhd8 29. a3 Be5 30. Rxd7+ Rxd7 31. Rc2 Rd1+ 32. Ka2 Rh1 33. g4 Rh2 34. Nc6+ Kb6 35. Ne7 Bf4 36. Ng8 Bg5 37. Kb3 Rg2 38. f3 Rg3 39. Rc3 Rh3 40. Rd3 f5 41. gxf5 exf5 42. Nxh6 f4 43. Nxf7 Bf6 44. h6 Be7 45. Kc4 Kc6 46.
b4 Rh5 47. a4 Rf5 48. h7 Bf6 49. h8=Q Bxh8 50. Nxh8 Rf6 51. Rd4 Kb6 52. a5+ Kc6 53.
Re4 Kd6 54. Re8 Kc6 55. Ra8 Kb7 56. Re8 Rf5 57. Ng6 Rf6 58. Ne5 Rc6+ 59. Nxc6 1-0

[Event "*** SCC Grand Prix: Titled Tuesday Blitz"]
[Site "Chess.com"]
[Date "2020.10.13"]
[Round "4"]
[White "kingnb"]
[Black "Tooweak2slow03"]
[Result "0-1"]
[WhiteElo "2617"]
[BlackElo "2766"]
[TimeControl "180+1"]
[EndTime "10:40:04 PDT"]
[Termination "Tooweak2slow03 won by checkmate"]

1. d4 e6 2. Nf3 f5 3. Nc3 Bb4 4.
e3 Nf6 5. a3 Bxc3+ 6. bxc3 b6 7.
a4 a5 8. Ba3 Bb7 9. Bc4 Nc6 10.
O-O Ne4 11. d5 Nxc3 12. dxc6 Nxd1 13. cxb7 Nc3 14. bxa8=Q Qxa8 15. Bb2 Ne4 16. Rfd1 Ke7 17. Nd2 Nf6 18. Ba3+ d6 19. Nf3 c5 20. Rab1 Qc6 21.
Bb5 Qe4 22. Nd2 Qxc2 23. Rbc1 Qa2 24. Ra1 Qc2 25. Nc4 Ne4 26. Rf1 h5 27. Nxb6 h4 28.
Nc4 h3 29. g3 Ng5 30. Rac1 Qe4 31. f3 Nxf3+ 32. Kf2 Nxh2 33. Rg1 Ng4+ 34. Ke2 h2 35. Rh1 Qg2+ 36. Kd3 Nf2+ 37. Kc3 Qg1 38. Nxd6 Qxc1+ 39. Rxc1 h1=Q 40. Rxh1 Rxh1 41. Nc4 Ne4+ 42. Kd3 Rd1+ 43. Ke2 Rg1 44. Nxa5 Rxg3 45. Nb3 Rg2+ 46. Kf3 Rf2# 0-1

[Event "*** SCC Grand Prix: Titled Tuesday Blitz"]
[Site "Chess.com"]
[Date "2020.10.13"]
[Round "4"]
[White "SamuelGhimpu2003"]
[Black "Durarbayli"]
[Result "1-0"]
[WhiteElo "2576"]
[BlackElo "2778"]
[TimeControl "180+1"]
[EndTime "10:40:04 PDT"]
[Termination "SamuelGhimpu2003 won on time"]

1. d4 Nf6 2. c4 e6 3. Nc3 Bb4 4. Qc2 d5 5. cxd5 exd5 6. Bf4 c5 7.
dxc5 Qa5 8. e3 Bf5 9. Qxf5 Bxc3+ 10. bxc3 Qxc3+ 11. Ke2 Qb2+ 12. Kf3 Nc6 13. Rb1 Qxa2 14. Rxb7 O-O 15. Bb5 Ne4 16. Ne2 g6 17. Qd7 Na5 18.
Rxa7 Nxc5 19. Qc7 Ne6 20. Qb6 d4 21. Rd7 Nc4 22. Bxc4 Qxc4 23. Nxd4 Ra2 24. Re1 Nxf4 25. exf4 Qd3+ 26. Re3 Qd1+ 27. Kg3 Qd2 28. Re2 Qd3+ 29. Re3 Qd2 30. Rf3 Ra4 31. Qf6 Qd1 32. Nf5 Qxf3+ 33. gxf3 gxf5 34. Qg5+ Kh8 35. Qf6+ Kg8 36. Qxf5 Ra6 37.
Rd5 Rg6+ 38. Kh3 Re8 39. Qh5 Kg7 40. Rg5 f6 41. Rg4 Rh8 42. f5 Rxg4 43. fxg4 Rd8 44. g5 Rd3+ 45. Kg2 Rd5 46. Qh6+ 1-0

[Event "*** SCC Grand Prix: Titled Tuesday Blitz"]
[Site "Chess.com"]
[Date "2020.10.13"]
[Round "4"]
[White "poppy73"]
[Black "PattyCastillo"]
[Result "1-0"]
[WhiteElo "2239"]
[BlackElo "2000"]
[TimeControl "180+1"]
[EndTime "10:40:05 PDT"]
[Termination "poppy73 won on time"]

1. e4 c5 2. Nf3 d6 3. d4 cxd4 4. Nxd4 Nf6 5. Nc3 a6 6. Be2 e5 7. Nf3 Be7 8. Bg5 Be6 9. Bxf6 Bxf6 10. O-O Nd7 11. Qxd6 Be7 12. Qd2 O-O 13. Rfd1 Qc7 14.
Nd5 Bxd5 15. exd5 Bd6 16. h3 b5 17. c3 f5 18. Ng5 Qb7 19. Ne6 Rf7 20. b3 Rc8 21. c4 Nc5 22. cxb5 axb5 23. Rac1 Ne4 24. Qe3 Rxc1 25. Qxc1 h6 26. Bf3 Nf6 27. Qc6 Qb8 28. Rc1 e4 29. Be2 b4 30. Qc8+ Qxc8 31. Rxc8+ Kh7 32.
Bc4 Ra7 33. Rc6 Be5 34. d6 Rxa2 35. Nf8+ Kh8 36. Ng6+ Kh7 37. Nxe5 Ra1+ 38. Kh2 f4 39. d7 Rd1 40. Be6 1-0

[Event "*** SCC Grand Prix: Titled Tuesday Blitz"]
[Site "Chess.com"]
[Date "2020.10.13"]
[Round "4"]
[White "olksuna"]
[Black "Superfelix"]
[Result "0-1"]
[WhiteElo "2613"]
[BlackElo "2478"]
[TimeControl "180+1"]
[EndTime "10:40:06 PDT"]
[Termination "Superfelix won by resignation"]

1. e4 c6 2. Ne2 g6 3. d4 d5 4. Nbc3 dxe4 5. Nxe4 Nf6 6. N2g3 Bg7 7. Be3 h5 8. h4 Bg4 9. Qd2 a5 10. a4 Na6 11. Bc4 Nb4 12. Ng5 O-O 13. O-O Nbd5 14. Rfe1 Nxe3 15. fxe3 e6 16. c3 Bh6 17. Nf3 Bxf3 18.
gxf3 Nd5 19. f4 Qxh4 20. Qg2 Kh7 21. Kf2 Qf6 22. Ne4 Qh4+ 23. Ng3 Qf6 24. Rh1 Nxe3 25.
Kxe3 Qxf4+ 26. Ke2 e5 27. Qf3 Qd2+ 28. Kf1 exd4 29. Nxh5 dxc3 30. Nf6+ Kg7 31. Ng4 Bf4 32. bxc3 Rh8 33. Rxh8 Rxh8 34. Be2 f5 35. Nf2 Rh2 36. Rd1 Qe3 37. Qxe3 Bxe3 38. Nd3 Kf6 39. Bf3 g5 40. Bg2 g4 41. Ne1 f4 42. Rd6+ Ke5 43. Rg6 Kf5 44. Rg7 b5 45. Rf7+ Ke6 46. Rf8 bxa4 47. Bxc6 a3 48.
Rd8 Rf2+ 49. Kg1 Rd2+ 50. Kf1 Rxd8 0-1

[Event "*** SCC Grand Prix: Titled Tuesday Blitz"]
[Site "Chess.com"]
[Date "2020.10.13"]
[Round "4"]
[White "Legendinunknown"]
[Black "KyrgyzFighter"]
[Result "1-0"]
[WhiteElo "2608"]
[BlackElo "2389"]
[TimeControl "180+1"]
[EndTime "10:40:06 PDT"]
[Termination "Legendinunknown won by resignation"]

1. d4 d5 2. c4 c6 3. Nf3 Nf6 4.
Nc3 a6 5. c5 Nbd7 6. Bf4 Nh5 7.
e3 g6 8. Bd3 Bg7 9. O-O O-O 10.
Bg5 h6 11. Bh4 Ndf6 12. Ne5 g5 13. Bg3 Nxg3 14. hxg3 Nd7 15. f4 Nxe5 16. fxe5 Be6 17.
Qh5 b6 18. b4 a5 19. b5 bxc5 20. bxc6 cxd4 21. exd4 Qb6 22. Ne2 Qxc6 23. g4 Rab8 24.
Rac1 Qa4 25. Rc2 Rb4 26. Rd2 Kh8 27. Bf5 Bxf5 28. gxf5 f6 29. e6 Qb5 30. Rf3 Rb2 31. Rxb2 Qxb2 32. Kf2 Qxa2 33. Rc3 a4 34. Rc7 Qa3 35.
Nc3 Qb4 36. Ke3 Qd6 37. Ra7 Qg3+ 38. Kd2 Qxg2+ 39. Ne2 a3 40. Rxa3 Qe4 41. Ra7 Qxf5 42. Rxe7 Rb8 43. Re8+ Rxe8 44. Qxe8+ Kh7 45. Qf7 Qg6 46. Qd7 g4 47. e7 g3 48. e8=Q g2 49. Qxg6+ Kxg6 50. Qg4+ Kf7 51. Qxg2 1-0

[Event "*** SCC Grand Prix: Titled Tuesday Blitz"]
[Site "Chess.com"]
[Date "2020.10.13"]
[Round "4"]
[White "vladislavkovalev"]
[Black "MatyChess1"]
[Result "1-0"]
[WhiteElo "2856"]
[BlackElo "2572"]
[TimeControl "180+1"]
[EndTime "10:40:07 PDT"]
[Termination "vladislavkovalev won on time"]

1. e4 c5 2. Be2 g6 3. d3 Bg7 4. f4 d5 5. e5 Nc6 6. Nf3 Nh6 7.
O-O O-O 8. c3 d4 9. Nbd2 b6 10.
Ne4 Bb7 11. Kh1 Qd5 12. c4 Qd7 13. Bd2 f5 14. Nf2 a5 15. a3 Nf7 16. h4 Nh6 17.
Ng5 e6 18. Bf3 Nd8 19. b4 axb4 20. axb4 Rxa1 21. Qxa1 Bxf3 22. gxf3 Nhf7 23. Qa6 Qc7 24. bxc5 bxc5 25. Nxe6 Nxe6 26. Qxe6 Qd8 27. h5 Re8 28. Qd5 Qb6 29. Ra1 Qb2 30. Ra7 Rf8 31. e6 Qxd2 32. Kg2 Qxf4 33. Rxf7 Qg5+ 34. Kf1 Qc1+ 35. Kg2 Qg5+ 36.
Kh3 Qxh5+ 37. Kg2 Qg5+ 38. Kf1 Qc1+ 39. Ke2 Qe3+ 40. Kf1 Qc1+ 41. Kg2 Qg5+ 42. Kh2 Qf4+ 43. Kh3 Qh6+ 44. Kg2 g5 45. e7 1-0

[Event "*** SCC Grand Prix: Titled Tuesday Blitz"]
[Site "Chess.com"]
[Date "2020.10.13"]
[Round "4"]
[White "Alindsay211"]
[Black "Politov_Pavel"]
[Result "1-0"]
[WhiteElo "2427"]
[BlackElo "2256"]
[TimeControl "180+1"]
[EndTime "10:40:07 PDT"]
[Termination "Alindsay211 won on time"]

1. e4 Nc6 2. d4 d5 3. e5 Bf5 4. c3 Qd7 5. Nf3 h5 6. Ke2 f6 7. Ke1 Nh6 8. Bb5 a6 9. Ba4 b5 10. Bc2 g5 11. Kf1 g4 12. Nh4 Bxc2 13.
Qxc2 O-O-O 14. Ng6 Bg7 15. Nxh8 Rxh8 16. exf6 Bxf6 17. a4 b4 18. Qe2 Kb7 19. Nd2 e5 20. Nb3 Be7 21. dxe5 Nf5 22. Be3 Nxe5 23. Na5+ Kc8 24.
Qxa6+ Kd8 25. Qa8+ Qc8 26. Qxd5+ Bd6 27. Nb7+ Ke7 28. Nxd6 cxd6 29. Bg5+ Kd7 30. cxb4 Rf8 31. Rd1 Qc2 32. Qb7+ Ke6 33. Qd5+ Kd7 34. Qd2 Qxa4 35. Bf4 Nc4 36. Qd5 Nxb2 37. Re1 Qa6+ 38. Kg1 Nd3 39.
Qe6+ Kc7 40. Rd1 1-0

[Event "*** SCC Grand Prix: Titled Tuesday Blitz"]
[Site "Chess.com"]
[Date "2020.10.13"]
[Round "4"]
[White "natelleka"]
[Black "zmeeed67"]
[Result "0-1"]
[WhiteElo "2175"]
[BlackElo "2348"]
[TimeControl "180+1"]
[EndTime "10:40:07 PDT"]
[Termination "zmeeed67 won on time"]

1. e4 Nc6 2. d4 d6 3. d5 Ne5 4. f4 Nd7 5. Nf3 c6 6. c4 Qc7 7.
Nc3 Ngf6 8. Bd3 g6 9. O-O Bg7 10. Re1 Nc5 11. e5 Ng4 12. exd6 Qxd6 13. h3 Nf6 14.
Ne5 O-O 15. Bc2 cxd5 16. cxd5 a6 17. b4 Ncd7 18. a3 Nh5 19. Ne4 Qb8 20. Nxd7 Bxd7 21.
Rb1 Nxf4 22. Nc5 Bb5 23. d6 Nh5 24. Rxe7 Bc6 25. Be4 Bxe4 26. Nxe4 Nf6 27. Ng5 Qd8 28. Qb3 Qxd6 29. Rxf7 Kh8 30. Rxf8+ Rxf8 31. Nf7+ Rxf7 32. Qxf7 Ng8 33. Bg5 Qd4+ 34. Kh1 h6 35. Rf1 hxg5 36.
Qxg6 Qb2 37. Qh5+ Nh6 38. Qg6 Qc3 39. Qxg5 Kh7 40. Qd8 Qe5 41. Qd7 Qd4 42. Qxb7 Qd3 0-1

[Event "*** SCC Grand Prix: Titled Tuesday Blitz"]
[Site "Chess.com"]
[Date "2020.10.13"]
[Round "4"]
[White "PavelChernomordik"]
[Black "Brave_spirit12"]
[Result "0-1"]
[WhiteElo "2325"]
[BlackElo "2484"]
[TimeControl "180+1"]
[EndTime "10:40:08 PDT"]
[Termination "Brave_spirit12 won by resignation"]

1. e4 e6 2. Qe2 Nc6 3. Nf3 g6 4. d4 Bg7 5. c3 Nge7 6. g3 d5 7.
Bg2 dxe4 8. Qxe4 O-O 9. O-O b6 10. Qe2 Bb7 11. Bg5 h6 12. Be3 Nd5 13. Nbd2 Re8 14. c4 Ndb4 15. Nb3 Ne7 16. a3 Na6 17.
Rad1 Nf5 18. Bf4 Qe7 19. Be5 f6 20. Bf4 e5 21. dxe5 fxe5 22. Bc1 Rad8 23. Rfe1 e4 24. Nfd2 Nd4 25. Nxd4 Rxd4 26. Nb3 Rxd1 27. Rxd1 Nc5 28.
Nxc5 Qxc5 29. b4 Qf5 30. Be3 c6 31. Qd2 Ba6 32. Bxh6 Bxh6 33. Qxh6 Bxc4 34. Rd6 Bf7 35. Qe3 c5 36. bxc5 Qxc5 37. Qxc5 bxc5 38. Rc6 c4 39. Bf1 e3 40. fxe3 Rxe3 41. Bxc4 Bxc4 42. Rxc4 Rxa3 43. Rc7 Ra2 44. h4 a5 45. Kf1 a4 46. g4 a3 47. Kg1 Rb2 48. h5 gxh5 49. Ra7 a2 50. gxh5 Rb1+ 0-1

[Event "*** SCC Grand Prix: Titled Tuesday Blitz"]
[Site "Chess.com"]
[Date "2020.10.13"]
[Round "4"]
[White "CaspiIsrael"]
[Black "rpragchess"]
[Result "0-1"]
[WhiteElo "2587"]
[BlackElo "2899"]
[TimeControl "180+1"]
[EndTime "10:40:11 PDT"]
[Termination "rpragchess won by resignation"]

1. e4 c5 2. Nf3 Nc6 3. d4 cxd4 4. Nxd4 Nf6 5. Nc3 e5 6. Ndb5 d6 7. Bg5 a6 8. Na3 b5 9. Bxf6 gxf6 10. Nd5 f5 11.
Bd3 Be6 12. O-O Bxd5 13. exd5 Ne7 14. Nxb5 e4 15. Bc4 Bg7 16. Nc3 O-O 17. Bb3 a5 18.
a4 Ng6 19. f4 Bxc3 20. bxc3 Rc8 21. Qd4 Qc7 22. c4 Qe7 23. g3 h5 24. h4 Rfe8 25.
Rae1 Nf8 26. Re3 Nd7 27. Qc3 Qd8 28. Rb1 Nf6 29. Ba2 Nxd5 30. cxd5 Rxc3 31. Rxc3 Qf6 32. Rc4 Qg6 33. Rc3 e3 34. Kg2 Qg7 35. Rd3 Re4 36. Bb3 Qg4 37. Re1 e2 38. Rf3 Qg7 39.
Kf2 Qd4+ 40. Kg2 Qb4 41. Kf2 Qc5+ 42. Kg2 Kg7 43. Rf2 Qe3 44. Rf3 Qd2 45. Kf2 Qd4+ 46.
Kg2 Re3 47. Ba2 Qe4 0-1

[Event "*** SCC Grand Prix: Titled Tuesday Blitz"]
[Site "Chess.com"]
[Date "2020.10.13"]
[Round "4"]
[White "Leonid_Starozhilov"]
[Black "sergeikim"]
[Result "0-1"]
[WhiteElo "2634"]
[BlackElo "2516"]
[TimeControl "180+1"]
[EndTime "10:40:12 PDT"]
[Termination "sergeikim won by checkmate"]

1. e4 e5 2. Nf3 Nc6 3. Bc4 Bc5 4. d3 Nf6 5. O-O d6 6. Nbd2 a6 7. c3 Ba7 8. Bb3 O-O 9. Re1 Nh5 10.
Nf1 Qf6 11. Be3 Bg4 12. N1d2 Nf4 13. Bc2 Rad8 14. g3 Nh3+ 15. Kg2 h6 16. Qc1 Bxe3 17. fxe3 Ng5 18. Nxg5 Qxg5 19. h4 Qh5 20. Bd1 f5 21.
Bxg4 Qxg4 22. Qd1 Qg6 23. Qe2 f4 24. Qf3 Ne7 25. Kh3 fxe3 26. Qxe3 Qe6+ 27. Kg2 Qg4 28. Rf1 Ng6 29. Rxf8+ Rxf8 30. Rf1 Nxh4+ 31. Kh2 Rxf1 32. Nxf1 Nf3+ 33. Kg2 Ng5 34. Nd2 Qh3+ 35. Kg1 Qg4 36. Kg2 Qd1 37. a3 Qc1 38. Nc4 Qc2+ 39. Kh1 Qd1+ 40.
Kg2 Qc2+ 41. Kh1 b5 42. Nd2 Qxb2 43. d4 Qxa3 44. dxe5 dxe5 45. Qd3 Qc1+ 46. Kg2 Qe1 47. Qd5+ Kh7 48. Qxe5 Qxd2+ 49. Kh1 Qe1+ 50. Kg2 Qe2+ 51. Kg1 Qf3 52. g4 Qxe4 53. Qxc7 Qe2 54. Kh1 Nf3 55.
Qf4 Qf1# 0-1

[Event "*** SCC Grand Prix: Titled Tuesday Blitz"]
[Site "Chess.com"]
[Date "2020.10.13"]
[Round "4"]
[White "esrosenberg"]
[Black "NiranjanNavalgund"]
[Result "1/2-1/2"]
[WhiteElo "2305"]
[BlackElo "2440"]
[TimeControl "180+1"]
[EndTime "10:40:12 PDT"]
[Termination "Game drawn by repetition"]

1. Nf3 Nf6 2. c4 g6 3. Nc3 Bg7 4. e4 O-O 5. d4 d6 6. h3 Na6 7. Bg5 Qe8 8. e5 Nd7 9. c5 dxe5 10. Bxa6 exd4 11. Nd5 bxa6 12. Nxc7 Qd8 13. Nxa8 Nxc5 14.
O-O Bb7 15. Rc1 Ne6 16. Re1 Bxa8 17. Bh4 Qd5 18. Bxe7 Re8 19. Bh4 Rb8 20. b3 d3 21.
Qd2 Nc5 22. Bg3 Rd8 23. Rc4 f5 24. Rec1 Ne4 25. Qf4 h6 26. Rc8 Rxc8 27. Rxc8+ Kh7 28. Rc7 d2 29. Nxd2 Nxd2 30. f3 g5 31. Qe5 Qg8 32. Qe7 Kg6 33. Qd6+ Kh7 34. Qxd2 f4 35. Bf2 Qe6 36.
Qd7 Qe5 37. Qxg7+ Qxg7 38. Rxg7+ Kxg7 39. Bxa7 Kf7 40. Bd4 Bd5 41. g3 Kg6 42. gxf4 gxf4 43. Kf2 Kf5 44. Bg7 h5 45. Bh6 Be6 46. h4 Bd7 47. Bg5 Bb5 48. a4 Bd3 49. b4 Bc4 50. Kg2 Bb3 51. b5 axb5 52. axb5 Bc4 53. b6 Ba6 54.
Kf2 Bb7 55. Ke2 Bc6 56. Kf2 Bb7 57. Ke2 Bc6 58. Kf2 Bd5 59. Ke2 Bb7 60. Kf2 Ba6 61.
Kg2 Bb7 62. Bh6 Ba6 63. Bg5 Bb7 64. Kf2 Ke5 65. Kg2 Kf5 1/2-1/2

[Event "*** SCC Grand Prix: Titled Tuesday Blitz"]
[Site "Chess.com"]
[Date "2020.10.13"]
[Round "4"]
[White "SabKaD4ddy"]
[Black "northridgehawk"]
[Result "1-0"]
[WhiteElo "2509"]
[BlackElo "2209"]
[TimeControl "180+1"]
[EndTime "10:40:12 PDT"]
[Termination "SabKaD4ddy won by resignation"]

1. e4 e5 2. Nf3 Nc6 3. Bb5 a6 4.
Bxc6 dxc6 5. d4 Bg4 6. dxe5 Qxd1+ 7. Kxd1 O-O-O+ 8. Ke2 f6 9. h3 Bxf3+ 10. gxf3 fxe5 11. Bg5 Nf6 12. Bxf6 gxf6 13. Nd2 Bh6 14. Nc4 b5 15. Ne3 Rd7 16. Rad1 Rhd8 17. Rxd7 Rxd7 18. Rd1 Rxd1 19. Nxd1 Kd7 20. Ne3 Ke6 21. Nf5 Bc1 22. b3 c5 23.
c4 c6 24. Kd3 Bf4 25. a4 Kd7 26. Ng7 Ke7 27. Nh5 Bc1 28. Kc2 Bg5 29. Kd3 Bc1 30. Ng3 Ke6 31. Ne2 Bg5 32. Nc3 b4 33. Ne2 Bh4 34.
Ng3 Bg5 35. Ke2 Bh6 36. Nf5 Bf4 37. Kf1 h5 38. Kg2 Kf7 39. Nd6+ Ke6 40. Nb7 a5 41. Nxa5 Bg5 42. Nb7 f5 43. Nxc5+ Kd6 44. Nd3 fxe4 45. fxe4 Bd8 46. Nxb4 Kc5 47. Nd3+ Kd4 48. Nb4 Kc5 49. Nc2 h4 50. Kf3 Bb6 51. Ke2 Bd8 52. Kd3 Kd6 53.
b4 c5 54. bxc5+ Kxc5 55. Ne3 Ba5 56. Ng4 Be1 57. Nxe5 Bxf2 58. Nf3 Bg3 59. e5 Kb4 60. Kd4 Kxa4 61. e6 Bd6 62. c5 Be7 63. c6 Kb5 64. c7 1-0

[Event "*** SCC Grand Prix: Titled Tuesday Blitz"]
[Site "Chess.com"]
[Date "2020.10.13"]
[Round "4"]
[White "TrimitziosP7"]
[Black "GigaQuparadze"]
[Result "1/2-1/2"]
[WhiteElo "2832"]
[BlackElo "2968"]
[TimeControl "180+1"]
[EndTime "10:40:13 PDT"]
[Termination "Game drawn by repetition"]

1. Nf3 Nf6 2. b3 g6 3. Bb2 Bg7 4. g3 b6 5. Bg2 Bb7 6. O-O O-O 7. c4 d6 8. d4 e6 9. Nc3 Ne4 10. Qc2 Nxc3 11. Bxc3 Nd7 12. e4 e5 13. d5 a5 14.
Ne1 Nc5 15. Nd3 Nxd3 16. Qxd3 Qe7 17. Rae1 c6 18. dxc6 Bxc6 19. Rd1 Rfd8 20. Bd2 Qb7 21. a4 Bf6 22. Rfe1 h5 23. Be3 h4 24. Qb1 Kg7 25. Rd2 Rab8 26. Red1 Be7 27. Qc2 Rh8 28. f4 hxg3 29.
hxg3 Rbe8 30. Re1 Rh5 31. Bf3 Rh3 32. Rg2 Reh8 33. Kf2 f5 34. fxe5 fxe4 35. Bg4 Rf8+ 36. Ke2 Bd7 37. e6 Bxe6 38. Bxe6 Rh5 39. Bd5 Qd7 40. Qxe4 Bf6 41. Kd1 Re5 42. Qd3 Qg4+ 43. Kc2 Rfe8 44. Rge2 Qh5 45. Kd2 Rxe3 46. Rxe3 Bg5 47.
Qd4+ Re5 48. Kd3 Bxe3 49. Rxe3 Qd1+ 50. Kc3 Qa1+ 51. Kd3 Qd1+ 52. Kc3 Qc1+ 53. Kd3 Qd1+ 1/2-1/2

[Event "*** SCC Grand Prix: Titled Tuesday Blitz"]
[Site "Chess.com"]
[Date "2020.10.13"]
[Round "4"]
[White "Indianlad"]
[Black "TomiLen"]
[Result "1-0"]
[WhiteElo "2907"]
[BlackElo "2588"]
[TimeControl "180+1"]
[EndTime "10:40:13 PDT"]
[Termination "Indianlad won by resignation"]

1. d4 d5 2. Nf3 Nf6 3. c4 c6 4.
Nc3 dxc4 5. a4 Bf5 6. Ne5 e6 7. e3 Bb4 8. Bxc4 Nbd7 9. Nd3 Bxd3 10. Bxd3 O-O 11. O-O c5 12. Qb3 Qb6 13. Na2 Ba5 14.
Qa3 Nd5 15. Bb5 Bb4 16. Nxb4 cxb4 17. Qb3 N7f6 18. Bd2 Ne4 19. Rfd1 Nxd2 20. Rxd2 Rac8 21. h3 a5 22. Bc4 Nf6 23. Rc1 Rc6 24. Rdc2 Rfc8 25.
Bb5 R6c7 26. Rxc7 Rxc7 27. Rc4 g6 28. Qc2 Rxc4 29. Qxc4 Qd8 30. Qc5 b6 31. Qc6 Kg7 32. Bc4 h5 33. Kf1 Ne8 34. Ke2 Nd6 35. Bd3 Nf5 36. g3 Nd6 37. e4 Ne8 38. Qc4 Nd6 39. Qc1 Ne8 40. Qe3 Nf6 41. b3 Nd7 42. f4 Qc7 43.
Bc4 Nb8 44. d5 e5 45. fxe5 Qxe5 46. Qxb6 Qxg3 47. Qe3 Qxe3+ 48. Kxe3 Kf6 49. Kd4 Nd7 50. Bb5 Ne5 51. Kc5 g5 52. Kb6 g4 53. hxg4 hxg4 54. Kxa5 g3 55. Bf1 Nd3 56. Kb6 Ke5 57. a5 1-0

[Event "*** SCC Grand Prix: Titled Tuesday Blitz"]
[Site "Chess.com"]
[Date "2020.10.13"]
[Round "4"]
[White "PhileKhoob"]
[Black "dosto07"]
[Result "1-0"]
[WhiteElo "2501"]
[BlackElo "2330"]
[TimeControl "180+1"]
[EndTime "10:40:13 PDT"]
[Termination "PhileKhoob won on time"]

1. Nf3 d5 2. g3 Nf6 3. Bg2 c6 4. O-O Bg4 5. Ne5 Bf5 6. c4 e6 7. cxd5 exd5 8. d3 Nbd7 9. Nf3 Be7 10. Nc3 h6 11. e4 dxe4 12. dxe4 Bg4 13. h3 Bxf3 14.
Qxf3 O-O 15. Be3 Ne5 16. Qe2 Qd3 17. f4 Qxe2 18. Nxe2 Nc4 19. Bc1 Bc5+ 20. Kh2 Ne3 21. Bxe3 Bxe3 22. e5 Nd5 23. Bxd5 cxd5 24. Rad1 Rfd8 25.
Rd3 Bb6 26. Rfd1 Rac8 27. Kg2 Rc2 28. R1d2 Rxd2 29. Rxd2 Kf8 30. Kf3 Ke7 31. f5 Bc7 32. Nf4 Bxe5 33. Nxd5+ Kf8 34. b3 Rc8 35. g4 f6 36. b4 Rc4 37. a4 Kf7 38. a5 a6 39.
h4 h5 40. g5 Rxh4 41. g6+ Kf8 42. Ne3 Rf4+ 43. Ke2 Rd4 44. Rc2 Ke7 45. Rc8 Rd8 46. Rc4 Rd4 47. Rc8 Rxb4 48. Rg8 Rb2+ 49. Kf3 Kd7 50.
Rxg7+ Kc6 51. Re7 Rb3 52. g7 Bd6 53. Re6 Rb1 54. Rxd6+ 1-0

[Event "*** SCC Grand Prix: Titled Tuesday Blitz"]
[Site "Chess.com"]
[Date "2020.10.13"]
[Round "4"]
[White "WildBizon"]
[Black "ViditYT"]
[Result "0-1"]
[WhiteElo "2612"]
[BlackElo "2853"]
[TimeControl "180+1"]
[EndTime "10:40:17 PDT"]
[Termination "ViditYT won by resignation"]

1. e4 c5 2. Nf3 d6 3. d4 cxd4 4. Nxd4 Nf6 5. Nc3 Nc6 6. Bg5 e6 7. Qd2 a6 8. O-O-O Bd7 9. f4 b5 10. Bxf6 gxf6 11. Kb1 Qb6 12. Nxc6 Bxc6 13. f5 Qc5 14.
Qe1 Rc8 15. Bd3 Qe5 16. Qh4 h5 17. Rhe1 Bh6 18. Qxh5 Kf8 19. Qf3 Bg5 20. h3 b4 21.
Ne2 a5 22. fxe6 fxe6 23. Qf2 a4 24. Qb6 a3 25. Nd4 Ke7 26. Ba6 Bd7 27. Bxc8 Rxc8 28.
Qxb4 axb2 29. Nf3 Qc5 30. Qxc5 Rxc5 31. Nxg5 fxg5 32. Kxb2 e5 33. Rd5 Rc6 34. a4 Rb6+ 35.
Ka3 Rc6 36. Re2 Rc4 37. a5 Bc6 38. Rd3 Bxe4 39. Rg3 Kf6 40. c3 Bc6 41. Rd2 d5 42.
Kb3 Rc5 43. Ra2 Bb5 44. Kc2 Bc4 45. Ra3 Ba6 46. Kd2 e4 47. Rg4 Kf5 48. Rg3 Rb5 49. Re3 Rb2+ 50. Kc1 Rxg2 51. Rb3 Ra2 52. Rb8 Kf4 53.
Re1 Rxa5 54. Rf8+ Ke5 55. Rg1 Ra1+ 56. Kd2 Rxg1 0-1